 Dungeon Crawl Stone Soup version 0.24-a0-184-gcb5ae2c (webtiles) character file.

Game seed: 16124896614364679271

161 Dfrag the Firebug (level 5, -10/35 HPs)
             Began as a Demonspawn Fire Elementalist on Mar 15, 2019.
             Killed by nerve-wracking pain
             ... invoked by Grinder
              (12 damage)
             ... while paralysed by Grinder
             ... on level 3 of the Dungeon.
             The game lasted 00:03:26 (2484 turns).

Dfrag the Firebug (Demonspawn Fire Elementalist)    Turns: 2484, Time: 00:03:26

Health: -10/35     AC:  2    Str:  9    XL:     5   Next: 18%
Magic:  4/9        EV:  2    Int: 17    God:
Gold:   122        SH:  0    Dex: 13    Spells: 2/10 levels left

rFire    . . .     SeeInvis .   m - +0 short sword
rCold    . . .     Gourm    .   (no shield)
rNeg     . . .     Faith    .   a - +0 robe
rPois    .         Spirit   .   (no helmet)
rElec    .         Reflect  .   (no cloak)
rCorr    .         Harm     .   (no gloves)
MR       +....                  (no boots)
Stlth    ++........             (no amulet)
HPRegen  0.11/turn              k - ring of wizardry
MPRegen  0.11/turn              b - ring of protection from magic

@: paralysed
A: hooves 1, demonic guardian 1
a: no special abilities


You were on level 3 of the Dungeon.
You were not hungry.

You visited 1 branch of the dungeon, and saw 3 of its levels.

You collected 122 gold pieces.

Inventory:

Hand Weapons
 m - a +0 short sword (weapon)
Armour
 a - a +0 robe (worn)
Jewellery
 b - a ring of protection from magic (right hand)
 k - a ring of wizardry (left hand)
Scrolls
 d - 2 scrolls of teleportation {unknown}
 f - a scroll of blinking {unknown}
 g - 5 scrolls of identify {unknown}
 h - a scroll of enchant weapon {unknown}
 i - a scroll of immolation {unknown}
 l - 2 scrolls of remove curse {unknown}
 o - a scroll of magic mapping {unknown}
 r - a scroll of fog {unknown}
Potions
 e - a potion of resistance {unknown}
 j - a potion of curing {unknown}
 n - a potion of degeneration {unknown}
 q - a potion of heal wounds {unknown}
Comestibles
 c - 5 rations


   Skills:
 - Level 1.7 Dodging
 - Level 1.7 Stealth
 + Level 3.3 Spellcasting
 + Level 2.9 Conjurations
 + Level 3.8 Fire Magic


You had 2 spell levels left.
You knew the following spells:

 Your Spells              Type           Power        Failure   Level  Hunger
a - Flame Tongue          Conj/Fire      ##...        1%          1    None
b - Conjure Flame         Conj/Fire      ##......     5%          3    ###....
c - Sticky Flame          Conj/Fire      ##......     16%         4    ####...

Your spell library contained the following spells:

 Spells                   Type           Power        Failure   Level  Hunger
 Throw Flame              Conj/Fire      ##....       2%          2    ##.....
 Inner Flame              Hex/Fire       #.......     10%         3    ###....
 Fireball                 Conj/Fire      ##........   41%         5    ######.


Dungeon Overview and Level Annotations

Branches:
Dungeon (3/15)

Altars:

Annotations:
D:3 Grinder


Innate Abilities, Weirdness & Mutations

You have large cloven feet.
A weak demonic guardian rushes to your aid.


Message History

Your quasit barely misses Grinder.
Grinder closely misses you.
You hit Grinder.
Grinder is lightly wounded.
Your quasit bites Grinder but does no damage.
Your quasit claws Grinder but does no damage.
Your quasit barely misses Grinder.
Your quasit bites Grinder.
Your quasit claws Grinder.
Your quasit closely misses Grinder.
Grinder gestures at you.
You suddenly lose the ability to move!
Your quasit barely misses Grinder.
Your quasit claws Grinder.
Your quasit misses Grinder. Grinder hits you.
Your quasit barely misses Grinder.
Your quasit closely misses Grinder. x2
Grinder gestures at you. Pain shoots through your body!
* * * LOW HITPOINT WARNING * * *
Your quasit disappears in a puff of smoke!
Grinder gestures at you. Pain shoots through your body!
You die...

.....#
#.###......#
#..### #.#
#......# #..#
#.# #......#
...# #.#
#......# ...#
#.# #.†....#
.... ...
+......+ ....
#......# ...#
######......#
...#
.....)..@.###
..##
........5.#
'###
........§.##
...#
...........#
...#
...........##
..)#
............#
...#
.........?..#
...#
.............#
...#
...........#.#


You could see Grinder.

Vanquished Creatures
  An orc priest (D:3)
  A worker ant (D:2)
  2 worms (D:2)
  A dart slug (D:3)
  3 leopard geckos (D:2)
  7 orcs (D:3)
  2 ball pythons
  13 giant cockroaches
  9 goblins
  5 hobgoblins
  9 jackals (D:2)
  3 quokkas
  11 bats
  2 frilled lizards
  6 kobolds
  10 rats
85 creatures vanquished.

Notes
Turn   | Place    | Note
-------+----------+-------------------------------------------
     0 | D:1      | Dfrag the Demonspawn Fire Elementalist began the quest for
                  | the Orb.
     0 | D:1      | Reached XP level 1. HP: 13/13 MP: 3/3
   242 | D:1      | Gained mutation: You have large cloven feet. [demonic
                  | ancestry]
   242 | D:1      | Reached XP level 2. HP: 18/19 MP: 3/5
   848 | D:2      | Reached XP level 3. HP: 23/24 MP: 1/6
  1592 | D:2      | Reached XP level 4. HP: 15/30 MP: 4/8
  1772 | D:2      | Learned a level 3 spell: Conjure Flame
  1777 | D:2      | Learned a level 4 spell: Sticky Flame
  2254 | D:3      | Gained mutation: A weak demonic guardian rushes to your
                  | aid. [demonic ancestry]
  2254 | D:3      | Reached XP level 5. HP: 25/35 MP: 1/9
  2471 | D:3      | Noticed Grinder
  2481 | D:3      | Paralysed by Grinder for 4 turns
  2484 | D:3      | Killed from afar by Grinder

Levels and vault maps discovered:
D:1:      kilobyte_arrival_exit_the_forest, layout_loops_ring
D:2:      minmay_roachtagon, layout_basic
D:3:      layout_basic, chequers_serial_rivers_micro_b, fedhas_altar_3,
          uniq_ijyb, uniq_grinder

Skill      XL: |  1  2  3  4 |
---------------+-------------+-----
Fire Magic     | 3 |  3.8
Conjurations   | 2 |  2.9
Spellcasting   | 3 |  3.3
Dodging        | |  1.7
Stealth        | |  1.7

Action                   |  1- 3 |  4- 6 || total
-------------------------+-------+-------++-------
Melee: Unarmed           |    70 |       ||    70
       Kick              |    24 |     2 ||    26
       Short sword       |    38 |    17 ||    55
 Cast: Flame Tongue      |    83 |    56 ||   139
  Eat: Chunk             |     3 |     3 ||     6
Armor: Robe              |    45 |    12 ||    57
Dodge: Dodged            |   128 |    42 ||   170

Table legend:
 A = Non-vault XP
 B = Vault XP
 C = Vault XP percentage of total XP
 D = Non-vault monster count
 E = Vault monster count
 F = Vault count percentage of total count
                 A         B        C        D         E       F
            +---------+---------+-------+---------+---------+-------
      Total |     210 |      20 |   8.7 |      75 |      10 |  11.8
            +---------+---------+-------+---------+---------+-------
        D:1 |      30 |       2 |   6.2 |      22 |       1 |   4.3
        D:2 |      99 |      18 |  15.4 |      34 |       9 |  20.9
        D:3 |      81 |       0 |   0.0 |      19 |       0 |   0.0
            +---------+---------+-------+---------+---------+-------
